 Dungeon Sprint DCSS version 0.19-b1-4-gd8a0a2a (webtiles) character file.

196045 LORDOFBUTT the Axe Maniac (level 19, -9/189 HPs)
             Began as a Formicid Fighter on Oct 31, 2016.
             Was the Champion of Qazlal.
             Killed from afar by a hellion (36 damage)
             ... with damnation
             ... in the Dungeon (Sprint V: "Ziggurat Sprint").
             The game lasted 00:17:08 (3747 turns).

LORDOFBUTT the Axe Maniac (Formicid Fighter)        Turns: 3747, Time: 00:17:08

Health: -9/189     AC: 35    Str: 35    XL:     19   Next: 52%
Magic:  16/36      EV:  4    Int:  8    God:    Qazlal [******]
Gold:   0          SH: 45    Dex:  3    Spells: 0 memorised, 18 levels left

rFire  + + +     SeeInvis +     M - +5 executioner's axe (venom)
rCold  . . .     Gourm    .     a - +6 plate armour of True Grit {rF+++ Dex-3 Slay+6}
rNeg   + . .     Faith    .     L - +18 shield of the Gong {rElec rN+ MR+ EV-5}
rPois  +         Spirit   .     (helmet unavailable)
rElec  +         Reflect  .     R - +2 cloak {MR+}
rCorr  .         Harm     +     (no gloves)
MR     +++..                    K - +1 pair of boots of Tewk {+Inv Str+4}
Stlth  ..........               S - amulet "Cukyeletoi" {Harm *Drain Slay+4}
                                c - ring of Happiness {*Slow rElec rPois Str+5 Stlth+}
                                b - ring "Xav Yhuy" {rPois rF+ Dex-5 Slay+3}

@: studying Polearms, repel missiles
A: permanent stasis, dig shafts and tunnels, four strong arms, antennae 3, dopey
1
a: Dig, Upheaval, Elemental Force, Disaster Area, Renounce Religion, Evoke
Invisibility


You were in the Dungeon.
You worshipped Qazlal.
Qazlal was exalted by your worship.
You were full.

You visited 1 branch

Inventory:

Hand Weapons
 J - the +7 great mace "Firestarter" {inner flame, rF++}
   (You found it in the Dungeon)

   It has been specially enchanted to burn those struck by it, causing extra
   injury to most foes and up to half again as much damage against particularly
   susceptible opponents.
   It greatly protects you from fire.
 M - a +5 executioner's axe of venom (weapon)
 U - a +0 flail of protection
Armour
 a - the +6 plate armour of True Grit (worn) {rF+++ Dex-3 Slay+6}
   (You found it in the Dungeon)

   It affects your dexterity (-3).
   It affects your accuracy and damage with ranged weapons and melee attacks
   (+6).
   It renders you almost immune to fire.
 K - the +1 pair of boots of Tewk (worn) {+Inv Str+4}
   (You found it in the Dungeon)

   It affects your strength (+4).
   It lets you turn invisible.
 L - the +18 shield of the Gong (worn) {rElec rN+ MR+ EV-5}
   (You found it in the Dungeon)

   It affects your evasion (-5).
   It insulates you from electricity.
   It protects you from negative energy.
   It affects your resistance to hostile enchantments.
 R - a +2 cloak of magic resistance (worn)
Rods
 F - a +2 rod of clouds (10/10)
   (You found it in the Dungeon)
Jewellery
 b - the ring "Xav Yhuy" (left hand) {rPois rF+ Dex-5 Slay+3}
   (You found it in the Dungeon)

   [ring of protection from fire]

   It affects your dexterity (-5).
   It affects your accuracy and damage with ranged weapons and melee attacks
   (+3).
   It protects you from fire.
   It protects you from poison.
 c - the ring of Happiness (right hand) {*Slow rElec rPois Str+5 Stlth+}
   (You found it in the Dungeon)

   [ring of poison resistance]

   It affects your strength (+5).
   It insulates you from electricity.
   It protects you from poison.
   It may slow you when you take damage.
   It makes you more stealthy.
 o - a +3 ring of dexterity
 D - a +2 ring of protection
 G - the amulet of Qucaph {Spirit rElec Int+4}
   (You found it in the Dungeon)

   [amulet of guardian spirit]

   It causes incoming damage to be split between your health and magic.
   It affects your intelligence (+4).
   It insulates you from electricity.
 I - the ring of Sydez {rPois rC+}
   (You found it in the Dungeon)

   [ring of poison resistance]

   It protects you from cold.
   It protects you from poison.
 S - the amulet "Cukyeletoi" (around neck) {Harm *Drain Slay+4}
   (You found it in the Dungeon)

   [amulet of harm]

   It increases damage dealt and taken.
   It affects your accuracy and damage with ranged weapons and melee attacks
   (+4).
   It causes draining when unequipped.
 T - the amulet "Xuifol" {Faith Dex+2}
   (You found it in the Dungeon)

   [amulet of faith]

   It allows you to gain divine favour quickly.
   It affects your dexterity (+2).
 V - the ring "Vititaxo" {Slay+2 SInv}
   (You found it in the Dungeon)

   [ring of slaying]

   It affects your accuracy and damage with ranged weapons and melee attacks
   (+2).
   It lets you see invisible.
 W - an uncursed ring of positive energy
 X - the ring "Aczisyz" {AC+4 Int+6}
   (You found it in the Dungeon)

   [ring of protection]

   It affects your AC (+4).
   It affects your intelligence (+6).
Wands
 y - a wand of disintegration (22/24)
 A - a wand of iceblast (5/15)
 B - a wand of lightning (5/15)
 C - a wand of acid (5/15)
 E - a wand of heal wounds (5/9)
 N - a wand of flame (15/48)
 P - a wand of flame (14/48)
 Q - a wand of flame (42/48)
 Z - a wand of heal wounds (5/9)
Scrolls
 k - 4 scrolls of blinking
 q - 4 scrolls of amnesia
 r - 2 scrolls of recharging
 s - 7 scrolls of fog
 t - a scroll of holy word
 u - 5 scrolls of identify
 v - 5 scrolls of remove curse
 w - 2 scrolls of fear
 O - 2 scrolls of brand weapon
Potions
 d - 6 potions of might
 e - 13 potions of curing
 g - 7 potions of heal wounds
 h - 8 potions of haste
 i - 6 potions of magic
 j - 3 potions of berserk rage
 l - 3 potions of brilliance
 m - 2 potions of invisibility
 n - 4 potions of resistance
 p - 5 potions of agility
Books
 H - a manual of Polearms
Comestibles
 f - 4 bread rations
 x - 31 fruits
 z - 4 meat rations
 Y - 9 royal jellies


   Skills:
 O Level 27 Fighting
 O Level 27 Axes
 O Level 27 Armour
 O Level 27 Shields
 O Level 27 Invocations
 * Level 11.0 Evocations


You had 18 spell levels left.
You didn't know any spells.

Dungeon Overview and Level Annotations

Branches:
Dungeon (1/1)

Altars:
Ashenzari
Cheibriados
Dithmenos
Elyvilon
Fedhas
Gozag
Hepliaklqana
Kikubaaqudgha
Makhleb
Nemelex Xobeh
Okawaru
Qazlal
Ru
Sif Muna
Trog
Uskayaw
Vehumet
Xom
Yredelemnul
Zin
The Shining One
Beogh
Jiyva
Lugonu


Innate Abilities, Weirdness & Mutations

You are under a permanent stasis effect.
You can dig through walls and to a lower floor.
Your four strong arms can wield two-handed weapons with a shield.
You have a pair of large antennae on your head. (SInv)
You are dopey. (Int -2)


Message History

Qazlal accepts your kill.
Your Evocations skill increases to level 11!
A hellion comes into view.
Unknown command.
Unknown command.
Unknown command.
Unknown command.
An iron golem, a hellion, a shadow and a zombie come into view.
The hellion gives a hideous shriek!
The shadow slips into darkness.
The shadow flickers and vanishes for a moment.
The hellion gestures at you.
The sphere of damnation explodes!
The damnation engulfs you!
Found thirteen items.
The hellion gestures at you.
The sphere of damnation explodes!
The damnation engulfs you!
* * * LOW HITPOINT WARNING * * *
The hellion gestures at you.
The sphere of damnation explodes!
The damnation engulfs you!
You die...

...... ▓▓▓▓▓▓▓▓
|![}}.::}:)=}=)
.[.....▓
|.}≈}}|):})})2))
.):)):.▓
?)≈)≈Z§)}.)§§§==
.....).▓
≈≈≈≈≈≈≈8.W).§..§
.[.}).)▓
≈≈..≈≈≈2.≈§≈≈≈.§
(......▓
..≈≈≈≈≈≈.§≈§§≈..
.......▓
..)≈.§≈.≈§≈...≈.
.....).▓
..≈..≈≈@..§≈≈≈≈≈
......)▓
...≈≈≈§§.§.≈≈≈≈≈
.......▓
...≈≈≈§≈..§≈≈≈≈≈
.......▓
..§≈≈≈≈......≈§≈
.).....▓
....≈≈.§..≈≈≈≈..
.≈≈.≈.
..≈.≈......≈≈≈≈≈
.≈▓...
...▓........≈▓≈§
≈▓▓▓..
..▓▓▓...§.≈§▓▓ ≈
..▓...
..▓......≈§§▓..


You could see an iron golem, 2 hellions, a shadow (invisible) and a giant
cockroach zombie.

Vanquished Creatures
  3 greater mummies (D)
  A bone dragon (D)
  5 pearl dragons (D)
  A lich (D)
  3 deep elf blademasters (D)
  6 deep elf master archers (D)
  Gastronok (D)
  A shadow dragon (D)
  2 thorn hunters (D)
  2 nagarajas (D)
  7 daevas (D)
  2 balrugs (D)
  6 deep elf sorcerers (D)
  3 angels (D)
  5 reapers (D)
  6 spriggan defenders (D)
  2 stone giants (D)
  A very ugly thing (D)
  5 ophanim (D)
  6 apis (D)
  3 deep elf annihilators (D)
  4 dire elephants (D)
  A merfolk javelineer (D)
  4 mummy priests (D)
  A merfolk impaler (D)
  Erolcha (D)
  6 deep elf high priests (D)
  Harold (D)
  An ice dragon (D)
  17 vault guards (D)
  3 naga warriors (D)
  A hydra (D)
  A catoblepas (D)
  9 spriggan air magi (D)
  An anaconda (D)
  An alligator snapping turtle (D)
  Erica (D)
  3 dancing weapons (D)
  3 spriggan berserkers (D)
  3 satyrs (D)
  3 deep elf knights (D)
  A spriggan (D)
  An iron golem (D)
  A wretched star (D)
  A sea snake (shapeshifter) (D)
  2 skeletal warriors (D)
  A sea snake (D)
  7 cherubim (D)
  A spriggan druid (D)
  A hill giant (D)
  3 flayed ghosts (D)
  5 large abominations (D)
  2 harpies (D)
  2 shambling mangroves (D)
  14 deep elf magi (D)
  3 ugly things (D)
  A worldbinder (D)
  A manticore (D)
  3 cyclopes (D)
  5 black mambas (D)
  A guardian serpent (shapeshifter) (D)
  2 naga magi (D)
  3 guardian serpents (D)
  A spiny frog (shapeshifter) (D)
  A torpor snail (D)
  A smoke demon (D)
  5 spiny frogs (D)
  4 tormentors (D)
  2 hellions (D)
  A rime drake (D)
  A komodo dragon (D)
  5 ice devils (D)
  3 guardian mummies (D)
  A hellwing (D)
  2 yaktaurs (D)
  2 red devils (D)
  2 jumping spiders (D)
  2 merfolk (D)
  6 trolls (D)
  2 two-headed ogres (D)
  A wind drake (D)
  5 hornets (D)
  A polar bear (shapeshifter) (D)
  Grinder (D)
  2 raiju (D)
  2 hippogriffs (D)
  6 flying skulls (D)
  A snapping turtle (D)
  Sigmund (D)
  A water elemental (D)
  A ynoxinul (D)
  3 shadows (D)
  An ushabti (D)
  A tarantella (D)
  6 wraiths (D)
  Eustachio (D)
  4 yaks (D)
  2 neqoxecs (D)
  Grum (D)
  A basilisk (D)
  2 steam dragons (D)
  2 small abominations (D)
  2 chaos spawn (D)
  An insubstantial wisp (D)
  Edmund (D)
  9 nagas (D)
  4 hell hounds (D)
  Duvessa (D)
  5 water moccasins (D)
  A floating eye (D)
  An eye of draining (D)
  2 necrophages (D)
  An ice beast (D)
  2 phantoms (D)
  3 wolves (D)
  2 crocodiles (D)
  A bullfrog (D)
  Blork the orc (D)
  Dowan (D)
  6 scorpions (D)
  2 wights (D)
  2 jellies (D)
  3 quasits (D)
  2 crimson imps (D)
  An iron imp (D)
  Crazy Yiuf (D)
  Jessica (D)
  Ijyb (D)
  5 mummies (D)
  4 adders (D)
  3 white imps (D)
  An ooze (D)
  8 adder skeletons (D)
  6 adder zombies (D)
  3 bat skeletons (D)
  10 bat zombies (D)
  A jackal (D)
  5 ball pythons (D)
  A ball python skeleton (D)
  3 ball python zombies (D)
  5 giant cockroach zombies (D)
  3 jackal skeletons (D)
  A jackal zombie (D)
  2 leopard gecko skeletons (D)
  3 quokka skeletons (D)
  A quokka zombie (D)
  6 briar patches (D)
  4 butterflies (D)
416 creatures vanquished.

Notes
Turn   | Place    | Note
-------+----------+-------------------------------------------
     0 | D        | LORDOFBUTT the Formicid Fighter began the quest for the Orb.
     0 | D        | Reached XP level 1. HP: 18/18 MP: 1/1
     0 | D        | Found a deep blue altar of Sif Muna.
     0 | D        | Found a bloodstained altar of Trog.
     0 | D        | Found a sacrificial altar of Ru.
     0 | D        | Found a stormy altar of Qazlal.
     0 | D        | Found an iron altar of Okawaru.
     3 | D        | Found a sparkling altar of Nemelex Xobeh.
     3 | D        | Found a blossoming altar of Fedhas.
     5 | D        | Found an ancient bone altar of Kikubaaqudgha.
     5 | D        | Found a viscous altar of Jiyva.
     5 | D        | Found a corrupted altar of Lugonu.
     5 | D        | Found a hazy altar of Hepliaklqana.
     5 | D        | Found a burning altar of Makhleb.
     5 | D        | Found an opulent altar of Gozag.
   146 | D        | Became a worshipper of Qazlal Stormbringer
   160 | D        | Entered arena 1.
   160 | D        | Noticed a wolf
   165 | D        | Killed a wolf
   165 | D        | Reached skill level 5 in Axes
   165 | D        | Reached skill level 5 in Shields
   165 | D        | Reached XP level 2. HP: 18/26 MP: 1/4
   165 | D        | Reached XP level 3. HP: 23/32 MP: 1/5
   165 | D        | Reached XP level 4. HP: 27/38 MP: 1/6
   165 | D        | Reached skill level 5 in Fighting
   252 | D        | Entered arena 2.
   252 | D        | Noticed a phantom
   252 | D        | Noticed a phantom
   258 | D        | Killed a phantom
   258 | D        | Reached * piety under Qazlal
   258 | D        | Reached skill level 5 in Armour
   258 | D        | Reached skill level 5 in Invocations
   258 | D        | Reached XP level 5. HP: 46/46 MP: 6/8
   271 | D        | Killed a phantom
   271 | D        | Reached XP level 6. HP: 53/53 MP: 8/10
   275 | D        | Got the +6 plate armour of True Grit {rF+++ Dex-3 Slay+6}
   287 | D        | Entered arena 3.
   287 | D        | Noticed a jumping spider
   291 | D        | Reached ** piety under Qazlal
   291 | D        | Reached XP level 7. HP: 47/60 MP: 10/12
   294 | D        | Killed a jumping spider
   302 | D        | Got the ring of Happiness {*Slow rElec rPois Str+5 Stlth+}
   413 | D        | Entered arena 4.
   415 | D        | Reached *** piety under Qazlal
   415 | D        | Reached XP level 8. HP: 68/68 MP: 13/13
   416 | D        | Reached skill level 10 in Axes
   424 | D        | Entered arena 5.
   424 | D        | Noticed a tarantella
   424 | D        | Noticed a jumping spider
   428 | D        | Killed a tarantella
   428 | D        | Reached **** piety under Qazlal
   430 | D        | Killed a jumping spider
   444 | D        | Entered arena 6.
   444 | D        | Noticed a black mamba
   447 | D        | Reached ***** piety under Qazlal
   449 | D        | Killed a black mamba
   449 | D        | Reached skill level 10 in Shields
   449 | D        | Reached XP level 9. HP: 71/77 MP: 14/16
   565 | D        | Entered arena 7.
   569 | D        | Reached ****** piety under Qazlal
   582 | D        | Entered arena 8.
   582 | D        | Noticed Sigmund
   582 | D        | Noticed Jessica
   582 | D        | Noticed Blork the orc
   582 | D        | Noticed Crazy Yiuf
   582 | D        | Noticed Dowan
   582 | D        | Noticed Duvessa
   582 | D        | Noticed Edmund
   586 | D        | Killed Duvessa
   587 | D        | Killed Blork the orc
   589 | D        | Killed Crazy Yiuf
   589 | D        | Killed Jessica
   592 | D        | Killed Sigmund
   592 | D        | Reached skill level 10 in Invocations
   592 | D        | Killed Edmund
   592 | D        | Reached skill level 10 in Fighting
   597 | D        | Killed Dowan
   635 | D        | Entered arena 9.
   635 | D        | Noticed Erica
   635 | D        | Noticed Erolcha
   635 | D        | Noticed Eustachio
   635 | D        | Noticed Gastronok
   635 | D        | Noticed Grum
   635 | D        | Noticed Grinder
   635 | D        | Noticed Harold
   635 | D        | Noticed Ijyb
   643 | D        | Killed Erica
   643 | D        | Reached skill level 10 in Armour
   643 | D        | Reached XP level 10. HP: 42/86 MP: 16/18
   645 | D        | Killed Ijyb
   647 | D        | Killed Grinder
   647 | D        | Killed Grum
   650 | D        | Killed Harold
   651 | D        | Killed Eustachio
   653 | D        | Killed Erolcha
   656 | D        | Killed Gastronok
   656 | D        | Reached XP level 11. HP: 43/95 MP: 18/20
   865 | D        | Entered arena 10.
   865 | D        | Noticed a sea snake
   865 | D        | Noticed a purple ugly thing
   865 | D        | Noticed a red ugly thing
   865 | D        | Noticed a white ugly thing
   867 | D        | Killed a white ugly thing
   867 | D        | Reached skill level 15 in Axes
   867 | D        | Killed a red ugly thing
   868 | D        | Gained mutation: You are dopey. (Int -2) [a neqoxec]
   873 | D        | Killed a sea snake
   878 | D        | Killed a purple ugly thing
   939 | D        | Entered arena 11.
   946 | D        | Reached XP level 12. HP: 92/105 MP: 13/22
   952 | D        | Got the amulet "Xuifol" {Faith Dex+2}
   972 | D        | Entered arena 12.
   972 | D        | Noticed a merfolk javelineer
   972 | D        | Noticed an alligator snapping turtle
   972 | D        | Noticed a merfolk impaler
   973 | D        | Noticed a satyr
   974 | D        | Noticed a sea snake
   975 | D        | Killed a sea snake
   975 | D        | Killed a merfolk javelineer
   975 | D        | Killed a merfolk impaler
   975 | D        | Killed a satyr
   977 | D        | Killed an alligator snapping turtle
   977 | D        | Reached skill level 15 in Shields
   983 | D        | Got the ring "Vititaxo" {Slay+2 SInv}
  1073 | D        | Entered arena 13.
  1076 | D        | Reached skill level 15 in Invocations
  1076 | D        | Reached XP level 13. HP: 114/114 MP: 22/24
  1091 | D        | Got the ring "Aczisyz" {AC+4 Int+6}
  1116 | D        | Entered arena 14.
  1117 | D        | Noticed an ice dragon
  1118 | D        | Killed an ice dragon
  1125 | D        | Reached skill level 15 in Armour
  1148 | D        | Entered arena 15.
  1149 | D        | Noticed a reaper
  1155 | D        | Killed a reaper
  1155 | D        | Reached skill level 15 in Fighting
  1341 | D        | Got the +1 pair of boots of Tewk {+Inv Str+4}
  1350 | D        | Reached XP level 14. HP: 123/123 MP: 24/26
  1366 | D        | Entered arena 16.
  1421 | D        | Got the ring "Xav Yhuy" {rPois rF+ Dex-5 Slay+3}
  1431 | D        | Entered arena 17.
  1434 | D        | Noticed a reaper
  1436 | D        | Killed a reaper
  1787 | D        | Entered arena 18.
  1789 | D        | Noticed a greater mummy
  1790 | D        | Noticed a greater mummy
  1790 | D        | Noticed a greater mummy
  1791 | D        | Noticed a reaper
  1792 | D        | Killed a greater mummy
  1792 | D        | Reached XP level 15. HP: 125/132 MP: 19/27
  1793 | D        | Noticed an emperor scorpion
  1793 | D        | Noticed an emperor scorpion
  1794 | D        | Noticed an emperor scorpion
  1794 | D        | Noticed an emperor scorpion
  1794 | D        | Noticed an emperor scorpion
  1794 | D        | Noticed an emperor scorpion
  1798 | D        | HP: 3/132 [soul eater/drain life[a greater mummy's death curse] (4)]
  1799 | D        | Killed a greater mummy
  1799 | D        | Killed a greater mummy
  2190 | D        | Entered arena 19.
  2196 | D        | Noticed a shadow dragon
  2196 | D        | Noticed a stone giant
  2197 | D        | Noticed a stone giant
  2212 | D        | Killed a stone giant
  2219 | D        | Reached XP level 16. HP: 44/143 MP: 19/29
  2221 | D        | Killed a shadow dragon
  2548 | D        | Entered arena 20.
  2553 | D        | Noticed a bone dragon
  2566 | D        | Killed a bone dragon
  2605 | D        | Entered arena 21.
  2609 | D        | Noticed a nagaraja
  2610 | D        | Noticed a nagaraja
  2625 | D        | Killed a nagaraja
  2628 | D        | Killed a nagaraja
  2635 | D        | Got the amulet of Qucaph {Spirit rElec Int+4}
  2777 | D        | Entered arena 22.
  2783 | D        | Noticed a daeva
  2783 | D        | Noticed a daeva
  2783 | D        | Noticed a pearl dragon
  2783 | D        | Noticed a daeva
  2784 | D        | Noticed a pearl dragon
  2784 | D        | Noticed a daeva
  2784 | D        | Killed a daeva
  2784 | D        | Reached XP level 17. HP: 155/155 MP: 31/31
  2785 | D        | Noticed a pearl dragon
  2786 | D        | Noticed a pearl dragon
  2786 | D        | Killed a pearl dragon
  2786 | D        | Killed a pearl dragon
  2786 | D        | Killed a pearl dragon
  2786 | D        | Killed a pearl dragon
  2787 | D        | Noticed a pearl dragon
  2794 | D        | Killed a pearl dragon
  2941 | D        | Got the ring of Sydez {rPois rC+}
  2946 | D        | Got the amulet "Cukyeletoi" {Harm *Drain Slay+4}
  3128 | D        | Entered arena 23.
  3133 | D        | Noticed a thorn hunter
  3134 | D        | Noticed a thorn hunter
  3136 | D        | Reached skill level 27 in Axes
  3136 | D        | Reached XP level 18. HP: 133/168 MP: 33/33
  3323 | D        | Entered arena 24.
  3329 | D        | Noticed a deep elf master archer
  3330 | D        | Noticed a deep elf blademaster
  3330 | D        | Noticed a deep elf master archer
  3330 | D        | Noticed a deep elf blademaster
  3330 | D        | Noticed a deep elf master archer
  3330 | D        | Noticed a deep elf blademaster
  3331 | D        | Noticed a deep elf master archer
  3332 | D        | Noticed a deep elf master archer
  3332 | D        | Noticed a deep elf master archer
  3332 | D        | Killed a deep elf master archer
  3332 | D        | Killed a deep elf master archer
  3332 | D        | Killed a deep elf blademaster
  3332 | D        | Killed a deep elf blademaster
  3332 | D        | Killed a deep elf blademaster
  3332 | D        | Killed a deep elf master archer
  3332 | D        | Killed a deep elf master archer
  3332 | D        | Killed a deep elf master archer
  3332 | D        | Reached XP level 19. HP: 144/182 MP: 30/36
  3333 | D        | Reached skill level 27 in Invocations
  3333 | D        | Reached skill level 27 in Shields
  3733 | D        | Entered arena 25.
  3742 | D        | Noticed a lich
  3743 | D        | Reached skill level 27 in Armour
  3744 | D        | Killed a lich
  3744 | D        | Reached skill level 27 in Fighting
  3745 | D        | Reached skill level 10 in Evocations
  3747 | D        | Killed from afar by a hellion

Skill      XL: |  1  2  3  4  5  6  7  8  9 10 11 12 13 14 15 16 17 18 19 |
---------------+----------------------------------------------------------+-----
Fighting       | 4 5 6 7 8 9 10 12 13 14 15 16 18 20 21 24 27 | 27.0
Axes           | 5 6 7 8 9 11 12 14 16 17 18 20 22 24 27 | 27.0
Armour         | 4 5 6 7 8 9 10 11 13 14 15 18 20 21 23 25 27 | 27.0
Shields        | 5 6 7 8 10 11 12 14 15 16 17 19 21 23 26 27 | 27.0
Invocations    | 3 5 6 7 9 10 12 13 15 16 17 19 21 23 26 27 | 27.0
Evocations     | 11 | 11.0

Action                   |  1- 3 |  4- 6 |  7- 9 | 10-12 | 13-15 | 16-18 | 19-21 || total
-------------------------+-------+-------+-------+-------+-------+-------+-------++-------
Melee: Executioner's axe |     5 |    17 |    27 |    25 |    35 |    54 |     6 ||   169
Invok: Disaster Area     |       |       |       |     5 |    15 |     5 |     5 ||    30
       Elemental Force   |       |       |       |       |     1 |       |       ||     1
       Upheaval          |       |       |       |       |       |     3 |     4 ||     7
Evoke: Wand              |       |       |     1 |       |       |       |       ||     1
  Use: Potion            |       |       |       |     1 |     2 |     2 |       ||     5
       Scroll            |       |       |       |     1 |       |     3 |       ||     4
 Stab: Petrified         |       |       |       |       |     2 |       |       ||     2
  Eat: Bread ration      |       |       |       |     1 |       |       |       ||     1
       Fruit             |       |       |       |       |       |    11 |       ||    11
Armor: Plate armour      |     9 |    12 |    16 |    19 |    30 |    19 |     3 ||   108
Dodge: Dodged            |       |       |     2 |     3 |     3 |     3 |     1 ||    12
       Deflected         |       |       |       |     1 |       |     2 |     1 ||     4
Block: Shield            |    12 |    33 |    67 |    50 |   119 |   102 |    12 ||   395
